 Dungeon Crawl Stone Soup version 0.19.1 (webtiles) character file.

7387 CanadianGator the Protected (level 10, 0/93 HPs)
             Began as a Minotaur Fighter on Nov 25, 2016.
             Was a Priest of Yredelemnul.
             Slain by an unseen horror (2 damage)
             ... on level 10 of the Dungeon on Nov 27, 2016.
             The game lasted 00:32:15 (8721 turns).

CanadianGator the Protected (Minotaur Fighter)      Turns: 8721, Time: 00:32:15

Health: 0/93       AC: 17    Str: 18 (21) XL:     10   Next: 92%
Magic:  15/15      EV:  9    Int:  3 (5)  God:    Yredelemnul [***...]
Gold:   400        SH:  0    Dex: 10 (13) Spells: 0 memorised, 9 levels left

rFire  x . .     SeeInvis .     W - +3 halberd (freeze)
rCold  + . .     Gourm    +     H - +0 plate armour
rNeg   . . .     Faith    .     (shield currently unavailable)
rPois  .         Spirit   .     (helmet restricted)
rElec  .         Reflect  .     B - +0 cloak
rCorr  .         Harm     .     (no gloves)
MR     .....                    m - +0 pair of boots
Stlth  ..........               n - amulet of the gourmand
                                U - ring of stealth
                                l - ring of ice

@: very slightly contaminated, invisible
A: retaliatory headbutt, horns 2, high mp 1
a: Recall Undead Slaves, Injury Mirror, Animate Dead, Renounce Religion


You were on level 10 of the Dungeon.
You worshipped Yredelemnul.
Yredelemnul was most pleased with you.
You were not hungry.

You visited 2 branches of the dungeon, and saw 11 of its levels.

You collected 400 gold pieces.

Inventory:

Hand Weapons
 a - a +1 trident
 W - a +3 halberd of freezing (weapon)
Armour
 b - a +0 scale mail
 c - a +0 shield
 d - -1 ice dragon scales
 m - a +0 pair of boots (worn)
 r - a +0 leather armour of poison resistance
 B - a +0 cloak (worn)
 H - a +0 plate armour (worn)
 R - a +2 pair of gloves
Jewellery
 l - a ring of ice (left hand)
 n - an amulet of the gourmand (around neck)
 q - an uncursed ring of teleportation
 A - an uncursed amulet of rage
 D - an uncursed ring of fire
 U - a ring of stealth (right hand)
Wands
 k - a wand of flame (32/48)
 v - a wand of lightning (7/15)
 y - a wand of teleportation (5/9)
 E - a wand of random effects (26/48)
 F - a wand of random effects (11/48)
 M - a wand of flame (16/48)
Scrolls
 e - 2 scrolls of fog
 j - 2 scrolls of blinking {unknown}
 o - 4 scrolls of enchant weapon
 p - 7 scrolls of remove curse
 s - 4 scrolls of teleportation
 w - a scroll of enchant armour {unknown}
 x - a scroll of fear {unknown}
 G - 4 scrolls of noise
 I - 2 scrolls of immolation {unknown}
 O - a scroll of random uselessness {unknown}
 Q - a scroll of recharging {unknown}
 S - a scroll of torment {unknown}
 V - a scroll of amnesia {unknown}
Potions
 i - 2 potions of brilliance
 t - a potion of flight
 K - a potion of degeneration
Books
 J - a book of Callings

   Spells                             Type                      Level
   a - Summon Small Mammal            Summoning                    1
   b - Call Imp                       Summoning                    2
   c - Call Canine Familiar           Summoning                    3
   d - Summon Guardian Golem          Hexes/Summoning              3
   e - Summon Lightning Spire         Summoning/Air                4
   f - Summon Ice Beast               Ice/Summoning                4
 P - a book of Frost

   Spells                             Type                      Level
   a - Freeze                         Ice                          1
   b - Throw Frost                    Conjuration/Ice              2
   c - Ozocubu's Armour               Charms/Ice                   3
   d - Throw Icicle                   Conjuration/Ice              4
   e - Summon Ice Beast               Ice/Summoning                4
 T - a book of Maledictions

   Spells                             Type                      Level
   a - Corona                         Hexes                        1
   b - Ensorcelled Hibernation        Hexes/Ice                    2
   c - Confuse                        Hexes                        3
   d - Tukima's Dance                 Hexes                        3
   e - Dazzling Spray                 Conjuration/Hexes            3
Comestibles
 f - 7 bread rations
 g - 10 meat rations
 h - 2 royal jellies
 u - 3 slices of pizza
 z - a beef jerky
 N - 3 fruits


   Skills:
 + Level 10.0 Fighting
 + Level 9.6 Polearms
 + Level 10.1 Armour
 + Level 8.4 Dodging
 - Level 3.6 Shields
 + Level 6.4 Invocations


You had 9 spell levels left.
You didn't know any spells.

Dungeon Overview and Level Annotations

Branches:
Dungeon (10/15)            Temple (1/1) D:5
   Lair: D:8-11         Orc: D:9-12

Altars:
Ashenzari
Cheibriados
Elyvilon
Fedhas
Gozag
Hepliaklqana
Makhleb
Nemelex Xobeh
Okawaru
Qazlal
Ru
Sif Muna
Trog
Uskayaw
Vehumet
Xom
Yredelemnul
The Shining One

Shops:
D:7 :


Innate Abilities, Weirdness & Mutations

You reflexively headbutt those who attack you in melee.
You have a pair of horns on your head.
You have an increased reservoir of magic. (+10% MP)


Message History

* * * LOW HITPOINT WARNING * * *
It was a potion of degeneration.
There was something very wrong with that liquid.
You feel weakened.
You feel dopey.
You feel clumsy. Something hits you but does no damage.
It was a potion of invisibility.
You fade into invisibility!
Something hits you but does no damage. Something hits you.
* * * LOW HITPOINT WARNING * * *
You are very lightly contaminated with residual magic.
Something hits you but does no damage. Something hits you.
* * * LOW HITPOINT WARNING * * *
Found a stone staircase leading up.
Something hits you.
* * * LOW HITPOINT WARNING * * *
Found a stone staircase leading down.
Something hits you.
You die...
Your body rises from the dead as a mindless zombie.

#..<....## ##.......#
.. #......[#
#####.###### #.......#
#..........# #.......#
#........<.#
+.......###..........#
#.......'.#......)...#
#.......#.#...........
#.......#.....@.....>#
#.......###....(.....#
#.......# #..........#
#.......# #..........#
#.......# ############
#######


There were no monsters in sight!

Vanquished Creatures
  A flayed ghost (D:9)
  2 trolls (D:9)
  2 hippogriffs
  A spriggan (D:7)
  2 shadows
  4 wraiths (D:9)
  2 fire bats (D:9)
  6 humans (D:7)
  A sky beast (D:6)
  An orc warrior (D:7)
  A phantom (D:5)
  2 centaurs
  4 ogres
  A crocodile (D:9)
  7 bullfrogs
  2 scorpions
  A wyvern skeleton (D:7)
  A water moccasin skeleton (D:5)
  8 killer bees (D:8)
  4 wights (D:7)
  An electric eel (D:9)
  2 bullfrog zombies (D:6)
  3 howler monkeys
  4 crimson imps
  A centaur zombie (D:5)
  4 hounds
  2 orc priests
  2 bullfrog skeletons
  7 orc wizards
  5 iguanas
  7 worker ants
  3 hound skeletons
  2 worker ant zombies
  4 gnolls (D:5)
  8 adders
  2 shadow imps
  2 adder skeletons
  2 adder zombies
  4 worms
  6 leopard geckos
  26 orcs
  11 bats
  5 giant cockroaches
  5 goblins (D:2)
  5 hobgoblins
  4 jackals
  3 quokkas
  6 ball pythons
  3 frilled lizards
  5 kobolds
  A leopard gecko zombie (D:8)
  8 rats
206 creatures vanquished.

Vanquished Creatures (collateral kills)
  A troll (D:9)
  A fire bat (D:9)
  A black bear (D:8)
  A phantom (D:9)
  A centaur (D:8)
  A wyvern zombie (D:10)
  2 scorpions
  A killer bee (D:8)
  A howler monkey (D:8)
  An electric eel (D:9)
  2 crimson imps (D:8)
  A jelly (D:8)
  3 adders
  A shadow imp (D:9)
  2 orcs
  A bat (D:9)
21 creatures vanquished.

Vanquished Creatures (others)
  A wight (D:10)
  2 bullfrog skeletons (D:9)
  4 killer bee zombies (D:8)
  An ogre zombie (D:8)
  A worker ant zombie (D:10)
  A scorpion zombie (D:10)
  2 adder zombies
  2 iguana zombies
  3 bat zombies (D:9)
  A ball python zombie (D:7)
  A giant cockroach zombie (D:7)
  A leopard gecko zombie (D:7)
  3 orc zombies (D:8)
23 creatures vanquished.

Grand Total: 250 creatures vanquished

Notes
Turn   | Place    | Note
-------+----------+-------------------------------------------
     0 | D:1      | CanadianGator the Minotaur Fighter began the quest for the Orb.
     0 | D:1      | Reached XP level 1. HP: 19/19 MP: 0/0
   233 | D:1      | Reached XP level 2. HP: 27/27 MP: 1/1
   786 | D:2      | Reached skill level 1 in Dodging
   798 | D:2      | Reached XP level 3. HP: 33/33 MP: 2/2
   943 | D:2      | Found a sacrificial altar of Ru.
  1878 | D:4      | Reached XP level 4. HP: 41/41 MP: 3/3
  2103 | D:4      | Reached XP level 5. HP: 40/47 MP: 4/4
  2244 | D:4      | Noticed an ogre
  2292 | D:4      | Reached skill level 5 in Fighting
  2294 | D:4      | Killed an ogre
  2294 | D:4      | Reached skill level 5 in Armour
  2294 | D:4      | Reached XP level 6. HP: 24/56 MP: 5/5
  2720 | D:5      | Entered Level 5 of the Dungeon
  3051 | D:5      | Reached XP level 7. HP: 40/62 MP: 6/6
  3075 | D:5      | Reached skill level 5 in Polearms
  3236 | D:5      | Found a staircase to the Ecumenical Temple.
  3241 | Temple   | Entered the Ecumenical Temple
  3302 | Temple   | Became a worshipper of Yredelemnul the Dark
  4033 | D:6      | Reached skill level 1 in Invocations
  4033 | D:6      | Reached XP level 8. HP: 47/71 MP: 7/7
  4049 | D:6      | Gained mutation: You have an increased reservoir of magic. (+10% MP) [mutagenic meat]
  4342 | D:6      | Reached * piety under Yredelemnul
  4741 | D:6      | Reached skill level 5 in Dodging
  4892 | D:7      | Found Hutuh's Book Boutique.
  4997 | D:7      | Reached XP level 9. HP: 80/80 MP: 11/11
  5035 | D:7      | Reached ** piety under Yredelemnul
  6011 | D:8      | Reached XP level 10. HP: 82/91 MP: 13/13
  6062 | D:8      | Reached *** piety under Yredelemnul
  6077 | D:8      | Reached skill level 5 in Invocations
  6100 | D:8      | HP: 4/91 [poisoned by a killer bee]
  6106 | D:8      | HP: 4/91 [poisoned by a killer bee]
  6114 | D:8      | HP: 4/91 [poisoned by a killer bee]
  6857 | D:9      | Found a runed door.
  6862 | D:9      | Found a sparkling altar of Nemelex Xobeh.
  6872 | D:9      | Found a sparkling altar of Nemelex Xobeh.
  6883 | D:9      | Found a shimmering altar of Xom.
  6887 | D:9      | Found a bloodstained altar of Trog.
  7272 | D:9      | Found an iron altar of Okawaru.
  7295 | D:9      | Found a hide-covered altar of Uskayaw.
  7544 | D:9      | Noticed a flayed ghost
  7551 | D:9      | Killed a flayed ghost
  7551 | D:9      | Reached skill level 10 in Armour
  8011 | D:9      | Received a gift from Yredelemnul (a wight)
  8180 | D:10     | Entered Level 10 of the Dungeon
  8239 | D:10     | HP: 4/93 [something (3)]
  8251 | D:10     | Reached skill level 10 in Fighting
  8719 | D:10     | HP: 4/93 [something (1)]
  8720 | D:10     | HP: 1/93 [something (3)]
  8721 | D:10     | Slain by an unseen horror

Skill      XL: |  1  2  3  4  5  6  7  8  9 10 |
---------------+-------------------------------+-----
Fighting       | 4 5 6 7 9 10 | 10.0
Dodging        | 1 2 3 4 5 7 8 |  8.4
Armour         | 4 5 6 7 9 10 | 10.1
Polearms       | 3 4 5 6 8 9 |  9.6
Invocations    | 1 3 4 6 |  6.4
Shields        | |  3.6

Action                   |  1- 3 |  4- 6 |  7- 9 | 10-12 || total
-------------------------+-------+-------+-------+-------++-------
Melee: Trident           |   100 |   111 |   373 |   274 ||   858
       Headbutt          |    13 |    19 |    65 |    52 ||   149
       Halberd           |       |       |       |    18 ||    18
Invok: Animate Remains   |       |       |    20 |       ||    20
       Recall Undead Sla |       |       |     1 |       ||     1
       Animate Dead      |       |       |       |    15 ||    15
  Use: Potion            |       |     3 |     1 |     7 ||    11
       Scroll            |       |     1 |     5 |     1 ||     7
 Stab: Distracted        |       |       |       |     2 ||     2
  Eat: Chunk             |     7 |     9 |    17 |    12 ||    45
Armor: Scale mail        |    15 |       |       |       ||    15
       Leather armour    |     4 |    21 |     1 |       ||    26
       Ice dragon scales |       |       |    56 |       ||    56
       Plate armour      |       |       |    92 |   178 ||   270
Dodge: Dodged            |    21 |    29 |   107 |    73 ||   230
Block: Shield            |    35 |    49 |   154 |   115 ||   353
